 Dungeon Crawl Stone Soup version 0.26-a0-720-g2a1d101370 (webtiles) character file.

Game seed: 17190830333235281285

79 Descartes the Chiller (level 4, -3/30 HPs)
             Began as a Barachi Ice Elementalist on Nov 3, 2020.
             Shot with an arrow by a hobgoblin (10 damage)
             ... on level 2 of the Dungeon.
             The game lasted 00:03:54 (1752 turns).

Descartes the Chiller (Barachi Ice Elementalist)    Turns: 1752, Time: 00:03:55

Health: -3/30      AC:  7    Str: 10    XL:     4   Next: 38%
Magic:  9/9        EV:  9    Int: 16    God:
Gold:   117        SH:  0    Dex: 12    Spells: 8/9 levels left

rFire    . . .     SeeInvis .   d - +3 whip
rCold    + . .     Faith    .   (no shield)
rNeg     . . .     Spirit   .   l - +1 scale mail {rC+}
rPois    .         Reflect  .   (no helmet)
rElec    .         Harm     .   (no cloak)
rCorr    .         Rampage  .   (no gloves)
MR       .....                  (no boots)
Stlth    ..........             p - amulet of magic regeneration
HPRegen  0.10/turn              (no ring)
MPRegen  0.36/turn              (no ring)

@: slow
A: +LOS, swims, slowness 1, strong legs 1
a: Hop


You were on level 2 of the Dungeon.
You visited 1 branch of the dungeon, and saw 2 of its levels.

You collected 117 gold pieces.

Inventory:

Hand Weapons
 d - a +3 whip (weapon)
 o - a +0 hand axe of freezing
Missiles
 e - 9 stones (quivered)
 n - 6 javelins
 u - 13 sling bullets
Armour
 a - a +0 robe
 l - a +1 scale mail of cold resistance (worn)
Jewellery
 p - an amulet of magic regeneration (around neck)
Scrolls
 c - 5 scrolls of identify {unknown}
 f - a scroll of magic mapping {unknown}
 i - a scroll of remove curse {unknown}
 j - a scroll of noise {unknown}
 m - a scroll of amnesia {unknown}
 r - a scroll of teleportation {unknown}
 w - a scroll of immolation {unknown}
Potions
 b - a potion of degeneration {unknown}
 g - a potion of haste {unknown}
 h - a potion of cancellation {unknown}
 k - 3 potions of lignification {unknown}
 q - 2 potions of resistance {unknown}
 s - a potion of brilliance {unknown}
 t - a potion of berserk rage {unknown}
 v - a potion of curing {unknown}


   Skills:
 + Level 1.7 Armour
 - Level 2.1 Dodging
 - Level 1.7 Stealth
 + Level 3.3 Spellcasting
 + Level 5.7 Ice Magic


You had 8 spell levels left.
You knew the following spells:

 Your Spells              Type           Power        Failure   Level
a - Freeze                Ice            ###.         12%         1

Your spell library contained the following spells:

 Spells                   Type           Power        Failure   Level
 Frozen Ramparts          Ice            ###...       34%         3
 Ozocubu's Armour         Ice            ###.....     34%         3
 Hailstorm                Conj/Ice       ##......     98%         4
 Summon Ice Beast         Ice/Summ       ##......     98%         4


Dungeon Overview and Level Annotations

Branches:
Dungeon (2/15)

Altars:
Kikubaaqudgha


Innate Abilities, Weirdness & Mutations

You can be seen from farther away. (+LOS)
You can swim through water.
You cover ground slowly.
You can hop short distances.


Message History

You are too injured to fight recklessly!
You are too injured to fight recklessly!
You barely miss the kobold.
The kobold is severely wounded.
The kobold hits you but does no damage.
A kobold is nearby!
You hit the kobold.
You kill the kobold!
A hobgoblin comes into view.
The hobgoblin shouts!
You hear an angry hiss.
The hobgoblin wields a cursed -1 longbow.
The hobgoblin shoots an arrow.
The arrow hits you!
* * * LOW HITPOINT WARNING * * *
Found 20 stones.
Things that are here:
an arrow; a +0 short sword The hobgoblin shoots an arrow.
The arrow hits you but does no damage.
You see here an arrow.
The hobgoblin shoots an arrow.
The arrow hits you!
You die...

.#.....'..#.#.#.#.#.⌠.⌠#
.#.....#.⌠.#.⌠.#.⌠.#...#
.#.....##.#.#.#.#.#.#.##
#####.####...#.⌠.#.⌠.### ..( #
#.# ######.#.#.##.. ...# ##
#.# ########.. ...# .# #.#
.#.# ....#
.####.##############.#.#.....#
................@(.....#.....#
..###.############..##.g.....
#.##..# #.##)...# #.##.#######
#...(...# .............
#....##...# ..##.########
#.##.# .#.# ..##.# ... ... ..
.. ..##.# .... #....... ...
#.##.# .##.. ......... ...


You could see a hobgoblin.

Vanquished Creatures
  A vampire bat (D:2)
  A dart slug (D:2)
  3 leopard geckos (D:1)
  4 bat skeletons (D:2)
  A bat zombie (D:2)
  2 giant cockroaches
  3 goblins
  3 hobgoblins (D:1)
  2 bats (D:1)
  8 kobolds
  6 rats
34 creatures vanquished.

Notes
Turn   | Place    | Note
-------+----------+-------------------------------------------
     0 | D:1      | Descartes the Barachi Ice Elementalist began the quest for
                  | the Orb.
     0 | D:1      | Reached XP level 1. HP: 13/13 MP: 3/3
   254 | D:1      | Reached skill level 5 in Ice Magic
   420 | D:1      | Reached XP level 2. HP: 19/19 MP: 2/5
  1444 | D:2      | Reached XP level 3. HP: 24/24 MP: 5/7
  1676 | D:2      | Found an ancient bone altar of Kikubaaqudgha.
  1689 | D:2      | Reached skill level 1 in Armour
  1689 | D:2      | Reached XP level 4. HP: 30/30 MP: 9/9
  1752 | D:2      | Shot with an arrow by a hobgoblin

Illustrated notes

Levels and vault maps discovered:
D:1:      dpeg_arrival_shelter, layout_loops_cross
D:2:      layout_rooms, kennysheep_vampire_church

Skill      XL: |  1  2  3 |
---------------+----------+-----
Ice Magic      | 5 |  5.7
Spellcasting   | 3 |  3.3
Armour         | 1 |  1.7
Dodging        | |  2.1
Stealth        | |  1.7

Action                   |  1- 3 |  4- 6 || total
-------------------------+-------+-------++-------
Melee: Whip              |    67 |    13 ||    80
 Cast: Freeze            |     9 |       ||     9
 Stab: Sleeping          |     2 |       ||     2
Armor: Robe              |     4 |       ||     4
       Scale mail        |    20 |    11 ||    31
Dodge: Dodged            |    54 |     3 ||    57

Table legend: (Time is in decaauts)
 A = Elapsed time spent in this place.
 B = Non-inter-level travel time spent in this place.
 C = Inter-level travel time spent in this place.
 D = Time resting spent in this place.
 E = Time spent auto-exploring this place.
 F = Levels seen in this place.
 G = Mean time per level.
                   A        B        C        D        E       F      G
               +--------+--------+--------+--------+--------+-----+--------+
         Total |   1947 |   1812 |    135 |    154 |   1382 |   2 |  973.5 |
       Dungeon |   1947 |   1812 |    135 |    154 |   1382 |   2 |  973.5 |
               +--------+--------+--------+--------+--------+-----+--------+

Top non-repeatable levels by time:
     D:1: 1550 daAuts
     D:2: 397 daAuts
